 Dungeon Crawl Stone Soup version 0.29-a0-214-g17f627cfee (webtiles) character file.

Game seed: 15931645130923778863

30 lunkers the Bolt Thrower (level 2, -1/24 HPs)
             Began as a Demigod Hunter on Feb 24, 2022.
             Slain by a hobgoblin
             ... wielding a +0 dagger
              (4 damage)
             ... on level 1 of the Dungeon.
             The game lasted 00:01:01 (608 turns).

lunkers the Bolt Thrower (Demigod Hunter)            Turns: 608, Time: 00:01:02

Health: -1/24      AC:  3    Str: 13    XL:     2   Next: 84%
Magic:  4/4        EV: 11    Int: 13    God:
Gold:   69         SH:  0    Dex: 14    Spells: 1/1 levels left

rFire   . . .      SeeInvis .   a - +1 hand crossbow
rCold   . . .      Faith    .   (no shield)
rNeg    . . .      Spirit   .   b - +0 leather armour
rPois   .          Reflect  .   (no helmet)
rElec   .          Harm     .   (no cloak)
rCorr   .          Rampage  .   (no gloves)
Will    .....                   (no boots)
Stlth   +.........              (no amulet)
HPRegen 0.08/turn               (no ring)
MPRegen 0.09/turn               (no ring)

@: no status effects
A: high MP 1, forlorn, divine attributes
a: no special abilities


You were on level 1 of the Dungeon.
You visited 1 branch of the dungeon, and saw 1 of its levels.

You collected 69 gold pieces.

Inventory:

Hand Weapons
 a - a +1 hand crossbow (weapon)
Armour
 b - a +0 leather armour (worn)
Scrolls
 e - a scroll of enchant armour {unknown}
 f - a scroll of vulnerability {unknown}
Potions
 c - 2 potions of attraction {unknown}
 d - a potion of curing {unknown}
 g - a potion of flight {unknown}


   Skills:
 - Level 1.7 Fighting
 * Level 4.5 Crossbows
 - Level 1.7 Dodging
 - Level 0.8 Stealth


You had one spell level left.
You didn't know any spells.
Your spell library was empty.

Dungeon Overview and Level Annotations

Branches:
Dungeon (1/15)


Innate Abilities, Weirdness & Mutations

You have an increased reservoir of magic. (+10% MP)
You shall have no god before yourself.
Your divine heritage dramatically boosts your attributes as you level up.


Message History

You kill the goblin!
The endoplasm closely misses you.
You see here a jackal corpse.
You shoot a bolt. The bolt barely misses the endoplasm.
The bolt hits the hobgoblin.
The hobgoblin is moderately wounded.
The endoplasm freezes you.
You are frozen.
You shoot a bolt. The bolt hits the endoplasm.
The endoplasm is moderately wounded.
The endoplasm freezes you.
You are frozen.
You shoot a bolt. The bolt hits the endoplasm!
You kill the endoplasm!
You shoot a bolt. The bolt barely misses the hobgoblin.
The hobgoblin hits you but does no damage.
The hobgoblin hits you with a +0 dagger.
* * * LOW HITPOINT WARNING * * *
Shoot: a) +1 hand crossbow
Press: ? - help, Q - select action Shift-Dir - straight line, f/p - hobgoblin
Aim: a hobgoblin, wielding a +0 dagger (63% to hit)
You shoot a bolt.
The bolt hits the hobgoblin but does no damage.
The hobgoblin hits you but does no damage.
Unknown command.
Shoot: a) +1 hand crossbow
Press: ? - help, Q - select action Shift-Dir - straight line, f/p - hobgoblin
Aim: a hobgoblin, wielding a +0 dagger (63% to hit)
You shoot a bolt. The bolt closely misses the hobgoblin.
The hobgoblin hits you with a +0 dagger!
* * * LOW HITPOINT WARNING * * *
Shoot: a) +1 hand crossbow
Press: ? - help, Q - select action Shift-Dir - straight line, f/p - hobgoblin
Aim: a hobgoblin, wielding a +0 dagger (63% to hit)
You shoot a bolt.
The bolt completely misses the hobgoblin.
The hobgoblin hits you with a +0 dagger.
* * * LOW HITPOINT WARNING * * *
The hobgoblin hits you with a +0 dagger.
You die...

#..... # ###.... # .....
# ... # #)# # #.# ######
#†# #..... #g# #.♣♣♣♣
...####@##### #.♣PP.
............#######.♣PP.
#)#.................♣..P
#.........######..♣..P
########### ##.♣PP.
#.♣P.. #.♣... #.♣..P
#..♣♣♣


You could see a hobgoblin.

Vanquished Creatures
  An endoplasm (D:1)
  2 giant cockroaches (D:1)
  2 goblins (D:1)
  3 hobgoblins (D:1)
  4 jackals (D:1)
  2 ball pythons (D:1)
  A bat (D:1)
  2 frilled lizards (D:1)
  5 kobolds (D:1)
  5 rats (D:1)
27 creatures vanquished.

Notes
Turn   | Place    | Note
-------+----------+-------------------------------------------
     0 | D:1      | lunkers the Demigod Hunter began the quest for the Orb.
     0 | D:1      | Reached XP level 1. HP: 17/17 MP: 3/3
   220 | D:1      | Reached skill level 4 in Crossbows
   275 | D:1      | Reached XP level 2. HP: 18/24 MP: 4/4
   608 | D:1      | Slain by a hobgoblin

Illustrated notes

Levels and vault maps discovered:
D:1:      scummos_arrival_checkerplants, layout_basic,
          ebering_ecumenical_altar_petrified, interstate_on_off,
          minmay_misc_feat_iff, wad_floor_pattern_untrapped, minmay_surrounded

Skill      XL: |  1 |
---------------+----+-----
Crossbows      | 4 |  4.5
Fighting       | |  1.7
Dodging        | |  1.7
Stealth        | |  0.8

Action                   || total
-------------------------++-------
 Fire: Hand crossbow     ||    78
Armor: Leather armour    ||     8
Dodge: Dodged            ||    12

Table legend: (Time is in decaauts)
 A = Elapsed time spent in this place.
 B = Non-inter-level travel time spent in this place.
 C = Inter-level travel time spent in this place.
 D = Time resting spent in this place.
 E = Time spent auto-exploring this place.
 F = Levels seen in this place.
 G = Mean time per level.
                   A        B        C        D        E       F      G
               +--------+--------+--------+--------+--------+-----+--------+
         Total |    633 |    633 |      0 |      0 |    485 |   1 |  633.0 |
       Dungeon |    633 |    633 |      0 |      0 |    485 |   1 |  633.0 |
               +--------+--------+--------+--------+--------+-----+--------+

Top non-repeatable levels by time:
     D:1: 633 daAuts
